cohdb
Replays
Latest Replays
All Replays
Popular Replays
Top Player Replays
Match Explorer
How It Works
Community
CoH3 Stats
Reddit
Sign in to upload your games and track your stats! →
Sign in with Steam
Match 44250790
Unlisted
Match 44250790
Overview
Messages
Build Orders
End
Kradschützen Motorcycle Team
Panzergrenadier Squad
Selects Battlefield Espionage Battlegroup
Selects Sector Subterfuge Beacon
Panzergrenadier Squad
Construct Light Support Kompanie
Fire Support Elements
MG34 Team
le.IG 18 Support Gun Team
Flakvierling Half-track
2.5-tonne Medical Truck
Panzergrenadier Squad
Selects 250/3 Funkpanzerwagen
Selects Anti-Tank Incendiary Munitions
Construct Panzerarmee Kommand
Panzerjäger Squad
Pak 38 Anti-tank Gun Team
Armored Reserves
Walking Stuka Rocket Launcher
2.5-tonne Medical Truck
Panzerpioneer Squad
Tiger Heavy Tank
Selects Transfer Depots
Selects Disruption Operation
Disruption Operation
Panzerpioneer Squad
Walking Stuka Rocket Launcher
Disruption Operation
DrewP
Dillbro
Comrade Peppers
BANZAI
0
0
Comments
sign in to comment!
No comments posted yet!